 Dungeon Crawl Stone Soup version 0.28.0-49-g6dfe1f597d (webtiles) character file.

Game seed: 9908191036536821819

73 Zeld the Insei (level 4, 0/29 HPs)
             Began as an Octopode Transmuter on May 11, 2022.
             Slain by a ball python (1 damage)
             ... in the Ecumenical Temple.
             The game lasted 00:03:05 (2647 turns).

Zeld the Insei (Octopode Transmuter)                Turns: 2647, Time: 00:03:06

Health: 0/29       AC:  1    Str: 11    XL:     4   Next: 27%
Magic:  7/8        EV: 10    Int: 15    God:
Gold:   21         SH:  0    Dex: 12    Spells: 2/8 levels left

rFire   . . .      SeeInvis .     - Unarmed
rCold   . . .      Faith    .   (no shield)
rNeg    . . .      Spirit   .   (helmet currently unavailable)
rPois   .          Reflect  .   (no amulet)
rElec   .          Harm     .   (no ring)
rCorr   .          Rampage  .   (no ring)
Will    .....                   (no ring)
Stlth   +++.......              (no ring)
HPRegen 0.09/turn               (no ring)
MPRegen 0.11/turn               (no ring)
                                (no ring)
                                (no ring)

@: appendages, constricted
A: tentacle spike 3, almost no armour, amphibious, 8 rings, camouflage 1,
gelatinous body 1, (nimble swimmer 1), tentacles
a: End Transformation


You were in the Ecumenical Temple.
One of your tentacles had grown a beastly spike.
You visited 2 branches of the dungeon, and saw 4 of its levels.

You collected 21 gold pieces.

Inventory:

Scrolls
 a - a scroll of identify {unknown}
 b - a scroll of enchant weapon {unknown}
 d - a scroll of teleportation {unknown}
 e - a scroll of vulnerability {unknown}
 f - a scroll of fear {unknown}
 h - a scroll of magic mapping {unknown}
Potions
 c - a potion of attraction {unknown}
 g - a potion of heal wounds {unknown}


   Skills:
 * Level 1.8 Fighting
 + Level 2.2 Dodging
 + Level 1.3 Stealth
 + Level 3.1 Unarmed Combat
 * Level 2.6 Spellcasting
 * Level 2.7 Transmutations
 + Level 0.8 Ice Magic
 + Level 0.2 Poison Magic


You had 2 spell levels left.
You knew the following spells:

 Your Spells              Type           Power      Damage    Failure   Level
a - Beastly Appendage     Tmut           20%        N/A       7%          1
b - Wereblood             Tmut           10%        N/A       11%         2
c - Spider Form           Tmut/Pois      6%         N/A       34%         3

Your spell library contained the following spells:

 Spells                   Type           Power      Damage    Failure   Level
 Ice Form                 Ice/Tmut       7%         N/A       69%         4


Dungeon Overview and Level Annotations

Branches:
Dungeon (4/15)             Temple (1/1) D:4

Altars:

Shops:
D:1 ?


Innate Abilities, Weirdness & Mutations

One of your tentacles has grown a beastly spike.
You cannot wear most types of armour.
You are amphibious.
You can wear up to eight rings at the same time.
Your skin changes colour to match your surroundings (Stealth+).
Your rubbery body absorbs attacks. (AC +1, EV +1)
((You are camouflaged when in or above water. (Stealth+)))
You have tentacles for arms and can constrict up to eight enemies at once.


Message History

You tentacle-slap the centaur skeleton. You squeeze the centaur skeleton!
The centaur skeleton is heavily damaged.
The centaur skeleton barely misses you. x2
The ogre hits you with a +0 giant spiked club!!
Ouch! That really hurt!
* * * LOW HITPOINT WARNING * * *
A ball python comes into view.
The ball python moves out of view.
Found a staircase to the Ecumenical Temple.
The ball python hisses angrily.
The centaur skeleton misses you.
The centaur skeleton closely misses you.
Found a scroll labelled TOGIUVA PUSCH.
The ball python closely misses you. The ball python grabs you.
The ball python constricts you.
* * * LOW HITPOINT WARNING * * *
The ball python closely misses you. The ball python constricts you.
* * * LOW HITPOINT WARNING * * *
You escape the ball python's grasp.
There is a staircase to the Ecumenical Temple here.
The ball python barely misses you. The ball python grabs you.
You stop descending the stairs.
The ball python constricts you.
* * * LOW HITPOINT WARNING * * *
The kobold barely misses you. The ball python closely misses you.
The ball python constricts you.
Unknown command.
You escape the ball python's grasp.
The kobold hits you with a +0 dagger.
* * * LOW HITPOINT WARNING * * *
You climb downwards.
Welcome to the Ecumenical Temple!
There is a staircase back to the Dungeon here.
Casting: Beastly Appendage (safe; 7% risk of failure)
Confirm with . or Enter, or press ? or * to list all spells.
One of your tentacles grows a vicious spike.
The ball python barely misses you. The ball python grabs you.
The ball python constricts you.
* * * LOW HITPOINT WARNING * * *
The kobold hits you with a +0 dagger.
* * * LOW HITPOINT WARNING * * *
The ball python bites you.
You die...

#######
###.....###
##.........##
#...........#
#.....@.....#
#.....KS....#
##.........##
###.....###
###+###


You could see a ball python and a kobold.

Vanquished Creatures
  An adder (D:2)
  2 worms (D:2)
  2 dart slugs (D:1)
  5 endoplasms
  2 giant cockroaches (D:2)
  5 goblins
  5 hobgoblins
  4 jackals (D:2)
  A quokka (D:1)
  7 ball pythons
  3 bats
  7 frilled lizards
  3 kobolds
  4 rats
51 creatures vanquished.

Vanquished Creatures (others)
  A plant (D:1)
1 creature vanquished.

Grand Total: 52 creatures vanquished

Notes
Turn   | Place    | Note
-------+----------+-------------------------------------------
     0 | D:1      | Zeld the Octopode Transmuter began the quest for the Orb.
     0 | D:1      | Reached XP level 1. HP: 13/13 MP: 3/3
   114 | D:1      | Reached XP level 2. HP: 11/18 MP: 3/5
   117 | D:1      | Learned a level 2 spell: Wereblood
   529 | D:1      | Found Iruf's Magic Scroll Shop.
   644 | D:1      | Found a faded altar of an unknown god.
   850 | D:1      | Reached skill level 1 in Stealth
   850 | D:1      | Reached XP level 3. HP: 23/23 MP: 6/6
   854 | D:1      | Learned a level 3 spell: Spider Form
  1941 | D:2      | Reached XP level 4. HP: 18/29 MP: 5/7
  2606 | D:2      | You fall into a shaft and drop 2 floors!
  2636 | D:4      | Noticed an ogre
  2639 | D:4      | Found a staircase to the Ecumenical Temple.
  2646 | Temple   | Entered the Ecumenical Temple
  2647 | Temple   | HP: 1/29 [kobold/+0 dagger (1)]
  2647 | Temple   | Slain by a ball python

Illustrated notes

Levels and vault maps discovered:
D:1:      denvon_arrival_planthouse, layout_basic, serial_shops, shop,
          shapermc_ecumenical_altar_notcrosses
D:2:      layout_basic, chequers_serial_rivers_small_3, minmay_cut_off
D:4:      layout_basic, minmay_temple_entry_tees
Temple:   dpeg_five_rooms_temple

Skill      XL: |  1  2 |
---------------+-------+-----
Stealth        | 1 |  1.3
Fighting       | |  1.8
Dodging        | |  2.2
Unarmed Combat | |  3.1
Spellcasting   | |  2.6
Transmutations | |  2.7
Ice Magic      | |  0.8
Poison Magic   | |  0.2

Action                   |  1- 3 |  4- 6 || total
-------------------------+-------+-------++-------
Melee: Unarmed           |    81 |     9 ||    90
       Constrict         |    19 |     1 ||    20
       Kick              |    29 |     1 ||    30
       Tentacles         |    14 |     3 ||    17
       Punch             |     2 |       ||     2
 Cast: Beastly Appendage |    29 |     5 ||    34
 Stab: Sleeping          |     6 |     2 ||     8
Armor: Skin              |     3 |     1 ||     4
Dodge: Dodged            |    40 |    15 ||    55
